Map: Proxima Station LE

Players

Harstem - Winner!

  • Race: Protoss Protoss
  • Spawn Location: 1:00

Gauss

  • Race: Protoss Protoss
  • Spawn Location: 7:00

Event: IEM XI Katowice - World Championship 2017

VOD

Have the link to the VOD?

Description

Time

  • Played on: Feb. 27, 2017, 3:52 a.m.
  • Length: 9:17

All games in this series

Show
View Real Time Build Order
Export as new Build Order

Harstem Protoss - Winner!

Build Orders:  

Get SALT Encoding   

  12  0:00  Probe (Chrono Boost)  
  13  0:11  Probe (Chrono Boost)  
  14  0:18  Pylon  
  14  0:22  Probe (Chrono Boost)  
  15  0:36  Probe (Chrono Boost)  
  16  0:45  Gateway  
  16  0:47  Probe (Chrono Boost)  
  17  0:50  Assimilator  
  17  0:56  Assimilator  
  17  0:57  Probe (Chrono Boost)  
  18  1:08  Probe (Chrono Boost)  
  19  1:13  Gateway  
  19  1:18  Probe (Chrono Boost)  
  20  1:30  Probe (Chrono Boost)  
  20  1:32  Cybernetics Core  
  21  1:40  Probe (Chrono Boost)  
  21  1:43  Pylon  
  22  1:51  Probe (Chrono Boost)  
  23  2:09  Mothership Core (Chrono Boost), Stalker  
  23  2:10  Warp Gate  
  27  2:16  Stalker  
  29  2:26  Pylon  
  29  2:39  Stalker  
  29  2:42  Stalker  
  33  3:16  Pylon  
  32  3:23  Nexus  
  32  3:24  Probe (Chrono Boost)  
  33  3:40  Stargate  
  33  3:55  Probe (Chrono Boost)  
  34  3:57  Pylon, Robotics Facility  
  34  4:07  Probe (Chrono Boost)  
  35  4:17  Stalker  
  35  4:19  Probe (Chrono Boost), Stalker  
  40  4:30  Probe (Chrono Boost)  
  41  4:33  Phoenix  
  41  4:38  Stargate, Probe (Chrono Boost)  
  44  4:40  Probe (Chrono Boost)  
  45  4:48  Probe (Chrono Boost)  
  47  4:52  Probe (Chrono Boost)  
  47  4:57  Phoenix  
  47  4:59  Probe (Chrono Boost)  
  48  5:04  Probe (Chrono Boost)  
  51  5:10  Probe (Chrono Boost)  
  52  5:16  Assimilator, Sentry  
  52  5:19  Phoenix x2  
  56  5:21  Pylon  
  56  5:27  Probe x2 (Chrono Boost)  
  60  5:31  Pylon  
  60  5:36  Assimilator  
  60  5:39  Probe (Chrono Boost)  
  60  5:40  Phoenix  
  62  5:43  Probe (Chrono Boost)  
  65  5:51  Probe (Chrono Boost)  
  65  5:54  Phoenix  
  65  5:56  Probe (Chrono Boost)  
  66  6:03  Probe (Chrono Boost)  
  69  6:06  Pylon, Phoenix  
  69  6:08  Probe (Chrono Boost)  
  72  6:14  Pylon  
  72  6:15  Phoenix, Probe (Chrono Boost)  
  73  6:20  Probe (Chrono Boost)  
  77  6:27  Probe (Chrono Boost)  
  77  6:28  Pylon  
  78  6:33  Probe (Chrono Boost)  
  78  6:39  Phoenix  
  78  6:44  Probe (Chrono Boost)  
  78  6:45  Robotics Facility  
  81  6:50  Phoenix  
  83  7:01  Phoenix  
  85  7:11  Nexus  
  85  7:15  Zealot, Probe (Chrono Boost), Sentry  
  90  7:21  Phoenix  
  90  7:26  Phoenix  
  90  7:28  Pylon, Probe (Chrono Boost)  
  90  7:29  Probe (Chrono Boost)  
  96  7:37  Observer  
  96  7:40  Probe (Chrono Boost)  
  98  7:46  Phoenix  
  98  7:49  Probe (Chrono Boost)  
  98  7:50  Stalker x2  
  106  7:52  Probe (Chrono Boost)  
  106  7:57  Pylon  
  106  7:59  Observer, Forge  
  106  8:01  Probe (Chrono Boost)  
  106  8:04  Probe (Chrono Boost)  
  109  8:11  Phoenix  
  110  8:13  Probe (Chrono Boost)  
  110  8:15  Phoenix  
  110  8:16  Pylon, Probe (Chrono Boost)  
  110  8:17  Pylon  
  115  8:20  Pylon  
  115  8:24  Probe (Chrono Boost)  
  115  8:25  Probe (Chrono Boost)  
  117  8:29  Probe (Chrono Boost)  
  118  8:36  Fleet Beacon  
  118  8:39  Probe (Chrono Boost)  
  119  8:42  Phoenix  
  119  8:47  Stalker x2  
  123  8:54  Probe (Chrono Boost)  
  123  8:55  Assimilator  
  126  8:59  Assimilator  
Show
View Real Time Build Order
Export as new Build Order

Gauss Protoss 

Build Orders:  

Get SALT Encoding   

  12  0:01  Probe (Chrono Boost)  
  13  0:11  Probe (Chrono Boost)  
  14  0:19  Pylon  
  14  0:24  Probe (Chrono Boost)  
  15  0:37  Probe (Chrono Boost)  
  15  0:41  Gateway  
  16  0:46  Assimilator  
  16  0:48  Probe (Chrono Boost)  
  17  0:53  Assimilator  
  17  0:58  Probe (Chrono Boost)  
  18  1:09  Probe (Chrono Boost)  
  19  1:20  Probe (Chrono Boost)  
  19  1:24  Pylon  
  20  1:29  Cybernetics Core  
  20  1:33  Probe (Chrono Boost)  
  21  1:44  Probe (Chrono Boost)  
  22  1:54  Probe (Chrono Boost)  
  23  2:06  Stalker  
  23  2:07  Mothership Core (Chrono Boost)  
  27  2:18  Pylon  
  27  2:32  Nexus  
  27  2:40  Stalker  
  29  2:45  Probe (Chrono Boost)  
  30  2:58  Stargate  
  30  3:02  Probe (Chrono Boost)  
  31  3:21  Pylon  
  31  3:28  Pylon  
  31  3:32  Pylon  
  33  3:42  Void Ray  
  37  3:51  Probe (Chrono Boost)  
  37  3:53  Gateway  
  38  4:08  Probe (Chrono Boost)  
  37  4:10  Probe (Chrono Boost)  
  37  4:16  Gateway  
  38  4:19  Forge  
  38  4:21  Probe (Chrono Boost)  
  37  4:39  Probe (Chrono Boost)  
  37  4:41  Probe (Chrono Boost)  
  37  4:42  Cybernetics Core  
  37  4:43  Oracle  
  42  4:58  Photon Cannon  
  42  4:59  Probe (Chrono Boost)  
  44  5:01  Probe (Chrono Boost)  
  44  5:05  Assimilator  
  44  5:10  Probe (Chrono Boost)  
  46  5:15  Probe (Chrono Boost)  
  46  5:20  Probe (Chrono Boost)  
  49  5:24  Warp Gate  
  49  5:26  Robotics Facility  
  47  5:33  Probe (Chrono Boost)  
  47  5:34  Pylon, Probe (Chrono Boost)  
  49  5:40  Stalker  
  51  5:43  Probe (Chrono Boost)  
  51  5:46  Probe (Chrono Boost)  
  53  5:51  Phoenix  
  53  5:54  Probe (Chrono Boost)  
  52  6:06  Probe (Chrono Boost)  
  52  6:10  Stargate  
  52  6:11  Photon Cannon  
  53  6:15  Observer, Probe (Chrono Boost)  
  55  6:21  Probe (Chrono Boost)  
  55  6:22  Assimilator  
  55  6:24  Pylon  
  55  6:25  Probe (Chrono Boost)  
  57  6:26  Phoenix  
  52  6:51  Phoenix  
  50  6:55  Phoenix  
  50  7:00  Probe (Chrono Boost)  
  51  7:04  Photon Cannon  
  47  7:16  Phoenix  
  47  7:18  Mothership Core (Chrono Boost)  
  47  7:20  Phoenix  
  49  7:28  Probe (Chrono Boost)  
  46  7:40  Phoenix  
  46  7:42  Probe (Chrono Boost)  
  46  7:43  Phoenix  
  46  7:44  Probe (Chrono Boost)  
  50  8:00  Probe x2 (Chrono Boost)  
  52  8:08  Phoenix  
  52  8:09  Stalker x2  
  58  8:13  Phoenix  
  58  8:19  Probe x2 (Chrono Boost)  
  62  8:23  Gateway  
  62  8:24  Gateway  
  62  8:33  Probe x2 (Chrono Boost)  
  63  8:34  Phoenix  
  63  8:35  Phoenix  
  67  8:46  Stalker x2  
  71  8:52  Probe x2 (Chrono Boost)  
  63  9:10  Stalker x2  

Tags
 
Add a new tag
Caveats
  • Supply blocks, unpowered buildings, or Contaminate may cause inaccurate times.
  • Supply counts are checked every 10 seconds.